 Dungeon Crawl Stone Soup version 0.29.1-15-g9cfb28693d (webtiles) character file.

Game seed: 12917900921031168939

34 GeoRichter the Cutter (level 3, 0/29 HPs)
             Began as a Demonspawn Monk on Mar 16, 2023.
             Succumbed to an adder's poison
             ... on level 2 of the Dungeon.
             The game lasted 00:01:51 (1321 turns).

GeoRichter the Cutter (Demonspawn Monk)             Turns: 1321, Time: 00:01:51

Health: 0/29       AC:  3    Str: 11    XL:     3   Next: 14%
Magic:  3/3        EV: 12    Int: 13    God:
Gold:   16         SH:  0    Dex: 15    Spells: 2/2 levels left

rFire   . . .      SeeInvis .   a - +0 short sword
rCold   . . .      Faith    .   (no shield)
rNeg    + . .      Spirit   .   b - +0 robe
rPois   .          Reflect  .   (no helmet)
rElec   .          Harm     .   (no cloak)
rCorr   .          Rampage  .   (no gloves)
Will    .....                   e - +0 pair of boots
Stlth   ++........              (no amulet)
HPRegen 0.09/turn               g - ring of wizardry
MPRegen 0.16/turn               i - ring of positive energy

@: lethally poisoned (0 -> -7)
A: magic regeneration
a: no special abilities


You were on level 2 of the Dungeon.
You visited 1 branch of the dungeon, and saw 2 of its levels.

You collected 16 gold pieces.

Inventory:

Hand Weapons
 a - a +0 short sword (weapon)
Armour
 b - a +0 robe (worn)
 e - a +0 pair of boots (worn)
   (You found it on level 1 of the Dungeon)
Jewellery
 g - a ring of wizardry (left hand)
   (You found it on level 1 of the Dungeon)
 i - a ring of positive energy (right hand)
   (You found it on level 1 of the Dungeon)
Scrolls
 d - a scroll of immolation {unknown}
 h - a scroll of noise {unknown}
 j - a scroll of identify {unknown}
 k - a scroll of amnesia {unknown}
 o - a scroll of poison {unknown}
Potions
 c - a potion of ambrosia
 f - 2 potions of flight {unknown}
 l - a potion of mutation {unknown}
 m - a potion of curing {unknown}
 n - a potion of heal wounds {unknown}


   Skills:
 - Level 3.0 Fighting
 * Level 3.5 Short Blades
 - Level 2.6 Dodging
 + Level 2.4 Stealth


You had 2 spell levels left.
You didn't know any spells.
Your spell library was empty.

Dungeon Overview and Level Annotations

Branches:
Dungeon (2/15) Zot: 10687

Altars:
Uskayaw

Shops:
D:1 *


Innate Abilities, Weirdness & Mutations

You regenerate magic rapidly.


Message History

The bat hits you but does no damage. x2
The bat misses you. The adder barely misses you.
The adder bites you but does no damage. The bat hits you but does no damage.
The bat attacks as you move away! The bat hits you but does no damage.
The bat attacks as you move away! The bat hits you.
The bat closely misses you. x2
You see here a +0 dagger.
You barely miss the bat. The bat hits you but does no damage.
The bat barely misses you.
You miss the bat. The bat barely misses you.
You hit the bat.
You kill the bat!
The bat hits you but does no damage.
You miss the adder. The adder barely misses you.
You miss the adder. The adder completely misses you.
You barely miss the adder. The adder bites you.
You are poisoned.
The adder poisons you!
You miss the adder.
You feel sick.
The adder bites you but does no damage. x2
You hit the adder.
You feel sick. The adder bites you but does no damage.
You closely miss the adder.
You feel sick. The adder bites you.
You barely miss the adder. The adder misses you.
You hit the adder but do no damage.
You feel sick. The adder bites you but does no damage. The adder misses you.
You closely miss the adder.
You feel sick.
You are no longer poisoned.
The adder bites you.
You barely miss the adder. The adder bites you but does no damage.
You hit the adder. The adder bites you.
* * * LOW HITPOINT WARNING * * *
You hit the adder. The adder bites you.
* * * LOW HITPOINT WARNING * * *
You are poisoned.
The adder poisons you! The adder bites you.
* * * LOW HITPOINT WARNING * * *
You barely miss the adder.
You feel sick. The adder misses you.
Unknown command.
You closely miss the adder.
You feel sick. The adder bites you.
* * * LOW HITPOINT WARNING * * *
You barely miss the adder.
You feel sick. The adder misses you.
Unknown command.
You hit the adder but do no damage.
You feel sick. The adder bites you.
* * * LOW HITPOINT WARNING * * *
You are lethally poisoned!
The adder poisons you!
You closely miss the adder.
* * * LOW HITPOINT WARNING * * *
You feel sick. The adder closely misses you. The adder barely misses you.
You barely miss the adder.
You die...

#......###.#
...........####
#.............#
##....##..###.##.
#.... #.......?.
#.#. ##.######) #
#. #b# # #S# #@#
#.# ###.# #...#
#.####.###
#......# ###
#...###..# #.##..
#. #..# #.##.#
#..# #.##.#


You could see an adder and a bat.

Vanquished Creatures
  A worm (D:2)
  3 dart slugs
  3 ball pythons (D:1)
  2 endoplasms
  A goblin (D:2)
  3 hobgoblins (D:1)
  2 kobolds (D:2)
  2 quokkas (D:1)
  4 bats (D:2)
  A frilled lizard (D:1)
  2 rats (D:1)
24 creatures vanquished.

Notes
Turn   | Place    | Note
-------+----------+-------------------------------------------
     0 | D:1      | GeoRichter the Demonspawn Monk began the quest for the Orb.
     0 | D:1      | Reached XP level 1. HP: 18/18 MP: 1/1
   339 | D:1      | Found Mofuameax's Assorted Antiques.
   350 | D:1      | Gained mutation: You regenerate magic rapidly. [demonic
                  | ancestry]
   350 | D:1      | Reached XP level 2. HP: 21/24 MP: 2/2
   780 | D:1      | Found a faded altar of an unknown god.
  1080 | D:2      | Reached XP level 3. HP: 25/29 MP: 3/3
  1138 | D:2      | Found a hide-covered altar of Uskayaw.
  1320 | D:2      | HP: 1/29 [poisoned by an adder]
  1321 | D:2      | Succumbed to an adder's poison

Illustrated notes

Levels and vault maps discovered:
D:1:      amcnicky_arrival_underground_garden, layout_rooms,
          hellmonk_ecumenical_altar_arch_garden, serial_shops,
          nicolae_square_shop, serial_corexii_hall,
          corexii_hall_statues_deadend, chequers_hall_statues_wall_a
D:2:      layout_loops_ring, basic_altar, nicolae_titane

Skill      XL: |  1 |
---------------+----+-----
Short Blades   | 3 |  3.5
Stealth        | 2 |  2.4
Fighting       | |  3.0
Dodging        | |  2.6

Action                   || total
-------------------------++-------
Melee: Short sword       ||   113
       Punch             ||     1
 Stab: Sleeping          ||     5
Armor: Robe              ||    28
Dodge: Dodged            ||    62
